[Event "ICC tourney 2047 (75 10)"]
[Site "Internet Chess Club"]
[Date "2020.10.11"]
[Round "7"]
[White "TheDude865"]
[Black "importantheart"]
[Result "1-0"]
[ICCResult "Black resigns"]
[WhiteElo "1338"]
[BlackElo "1661"]
[Opening "Ruy Lopez: closed, Keres (...Nd7) defense"]
[ECO "C96"]
[NIC "RL.23"]
[Time "18:32:32"]
[TimeControl "4500+10"]

1. e4 e5 2. Nf3 Nc6 3. Bb5 a6 4. Ba4 Nf6 5. O-O Be7 6. Re1 b5 7. Bb3 d6 8.
h3 O-O 9. c3 Na5 10. Bc2 c5 11. d4 Nd7 12. d5 g6 13. Nbd2 Bf6 14. Nf1 Bg7
15. Ng3 Bb7 16. Nh2 Rc8 17. b3 Qc7 18. f4 exf4 19. Bxf4 Bxc3 20. Rf1 Bxa1
21. Qxa1 f6 22. Bh6 Rf7 23. Ng4 Qd8 24. Bg5 Kg7 25. Bh6+ Kh8 26. Bg5 h5 27.
Nxf6 Nxf6 28. Bxf6+ Rxf6 29. Rxf6 Kh7 30. Rf7+ Kh6 31. Qg7+ Kg5 32. Rf5+ Kh4
33. Qxg6 {Black resigns} 1-0

[Event "ICC tourney 2047 (75 10)"]
[Site "Internet Chess Club"]
[Date "2020.10.11"]
[Round "7"]
[White "TheSuperKing"]
[Black "joeandjoe56"]
[Result "1-0"]
[ICCResult "Black resigns"]
[WhiteElo "1737"]
[BlackElo "1751"]
[Opening "Ruy Lopez: Marshall counter-attack, 11...c6"]
[ECO "C89"]
[NIC "RL.17"]
[Time "18:32:40"]
[TimeControl "4500+10"]

1. e4 e5 2. Nf3 Nc6 3. Bb5 a6 4. Ba4 Nf6 5. O-O Be7 6. Re1 b5 7. Bb3 O-O 8.
c3 d5 9. exd5 Nxd5 10. Nxe5 Nxe5 11. Rxe5 c6 12. d3 Bd6 13. Re1 Qh4 14. g3
Qh3 15. Re4 Nf6 16. Rh4 Qf5 17. Rd4 Be5 18. Rh4 Bb7 19. d4 Bc7 20. Qc2 Qxc2
21. Bxc2 Rfe8 22. Be3 h6 23. Nd2 c5 24. dxc5 g5 25. Rxh6 Ng4 26. Rh5 Nxe3
27. Rxg5+ Kf8 28. fxe3 Rxe3 29. Rf1 Re2 30. Rf2 Rae8 31. Bb3 R8e7 32. Rgf5
Re1+ 33. Nf1 {Black resigns} 1-0

[Event "ICC tourney 2047 (75 10)"]
[Site "Internet Chess Club"]
[Date "2020.10.11"]
[Round "7"]
[White "fasteagle1"]
[Black "Michaelpu"]
[Result "1/2-1/2"]
[ICCResult "Game drawn by mutual agreement"]
[WhiteElo "1753"]
[BlackElo "1628"]
[Opening "Benkö gambit: 7.e4"]
[ECO "A59"]
[NIC "BI.45"]
[Time "18:32:13"]
[TimeControl "4500+10"]

1. d4 Nf6 2. c4 c5 3. d5 b5 4. cxb5 a6 5. bxa6 Bxa6 6. Nc3 d6 7. e4 Bxf1 8.
Kxf1 g6 9. Nf3 Bg7 10. g3 Nbd7 11. Kg2 O-O 12. Re1 Ng4 13. Qc2 Qb6 14. h3
Nge5 15. Nxe5 Nxe5 16. b3 c4 17. Be3 Qb4 18. bxc4 Nxc4 19. Rac1 Rfc8 20. Qb3
Qxb3 21. axb3 Na5 22. Ne2 Nxb3 23. Rxc8+ Rxc8 24. Rb1 Nc5 25. Rc1 Rc7 26. g4
Kf8 27. Ng3 Ke8 28. Bd2 Rb7 29. Be3 Rb5 30. h4 f6 31. h5 Kf7 32. h6 Bf8 33.
g5 Nd7 {Game drawn by mutual agreement} 1/2-1/2

[Event "ICC tourney 2047 (75 10)"]
[Site "Internet Chess Club"]
[Date "2020.10.11"]
[Round "7"]
[White "FL2009"]
[Black "SK-2005"]
[Result "1-0"]
[ICCResult "Black resigns"]
[WhiteElo "1853"]
[BlackElo "1708"]
[Opening "Giuoco Pianissimo"]
[ECO "C55"]
[NIC "IG.01"]
[Time "18:32:43"]
[TimeControl "4500+10"]

1. e4 e5 2. Nf3 Nc6 3. Bc4 Nf6 4. d3 Bc5 5. O-O O-O 6. c3 d5 7. exd5 Nxd5 8.
Nbd2 a6 9. Re1 Re8 10. Ne4 Ba7 11. Bb3 h6 12. Ng3 b5 13. d4 Nf4 14. Nxe5
Nxe5 15. Bxf4 Ng6 16. Qf3 Rb8 17. Bxh6 Rf8 18. Bd2 c5 19. Rad1 c4 20. Bc2
Bb7 21. Qg4 Qd6 22. Bxg6 fxg6 23. Qe6+ Qxe6 24. Rxe6 Rf7 25. Rde1 Rbf8 26.
f3 b4 27. Ne4 bxc3 28. bxc3 Bc8 29. Rc6 {Black resigns} 1-0

[Event "ICC tourney 2047 (75 10)"]
[Site "Internet Chess Club"]
[Date "2020.10.11"]
[Round "7"]
[White "CRonaldo"]
[Black "Knightboy123"]
[Result "1/2-1/2"]
[ICCResult "Game drawn by mutual agreement"]
[WhiteElo "1641"]
[BlackElo "1647"]
[Opening "Sicilian: closed"]
[ECO "B23"]
[NIC "SI.44"]
[Time "18:32:18"]
[TimeControl "4500+10"]

1. e4 c5 2. Nc3 e6 3. g3 Nc6 4. Bg2 d6 5. d3 Nf6 6. Nge2 Be7 7. O-O O-O 8.
h3 a6 9. a4 e5 10. f4 exf4 11. Nxf4 Ne5 12. Nfd5 Nxd5 13. Nxd5 Be6 14. Nf4
Bd7 15. c3 Bc6 16. Qb3 Bg5 17. d4 Bxf4 18. Bxf4 Nd3 19. d5 Nxf4 20. Rxf4 Bd7
21. Qxb7 Qc8 22. Qxc8 Rfxc8 23. Raf1 Rf8 24. a5 Rab8 25. Rb1 Rb5 26. b4 cxb4
27. cxb4 Rfb8 28. Bf1 Rxb4 29. Rxb4 Rxb4 30. Bxa6 Bb5 31. Bb7 Ra4 32. Rf3
Rxa5 33. Rc3 Kf8 34. Bc6 Bxc6 35. Rxc6 Ra4 36. Kf2 Rxe4 37. Rxd6 Ke7 38. Kf3
Re5 39. Ra6 Rxd5 40. Ke4 Rd6 41. Ra7+ Kf6 42. Ra5 Re6+ 43. Kf4 g5+ 44. Rxg5
Re4+ 45. Kxe4 Kxg5 46. Kf3 h5 47. Ke4 {Game drawn by mutual agreement}
1/2-1/2

[Event "ICC tourney 2047 (75 10)"]
[Site "Internet Chess Club"]
[Date "2020.10.11"]
[Round "7"]
[White "Florina12345"]
[Black "angelpawn"]
[Result "1-0"]
[ICCResult "Black resigns"]
[WhiteElo "1362"]
[BlackElo "1588"]
[Opening "Sicilian: dragon, Yugoslav attack, 9.Bc4"]
[ECO "B77"]
[NIC "SI.18"]
[Time "18:32:40"]
[TimeControl "4500+10"]

1. e4 c5 2. Nf3 d6 3. d4 cxd4 4. Nxd4 Nf6 5. Nc3 g6 6. Be3 Bg7 7. f3 O-O 8.
Bc4 Nc6 9. Qd2 Nxd4 10. Bxd4 Be6 11. Bxe6 fxe6 12. O-O-O Qa5 13. h4 Rac8 14.
h5 e5 15. Be3 e6 16. hxg6 hxg6 17. Bh6 d5 18. Bxg7 Kxg7 19. exd5 exd5 20.
Kb1 d4 21. Qh6+ Kf7 22. Ne4 Nxe4 23. fxe4 Qc5 24. Rdf1+ Ke7 25. Qg7+ Ke8 26.
Rxf8+ Qxf8 27. Qxf8+ Kxf8 28. Rh8+ {Black resigns} 1-0

[Event "ICC tourney 2047 (75 10)"]
[Site "Internet Chess Club"]
[Date "2020.10.11"]
[Round "7"]
[White "jHanna"]
[Black "yogokings12"]
[Result "0-1"]
[ICCResult "White resigns"]
[WhiteElo "1794"]
[BlackElo "1705"]
[Opening "Grünfeld: exchange, classical variation"]
[ECO "D87"]
[NIC "GI.05"]
[Time "18:32:07"]
[TimeControl "4500+10"]

1. d4 Nf6 2. c4 g6 3. Nc3 d5 4. cxd5 Nxd5 5. e4 Nxc3 6. bxc3 Bg7 7. Bc4 c5
8. Ne2 Nc6 9. Be3 O-O 10. O-O Bg4 11. f3 Na5 12. Bb3 cxd4 13. cxd4 Nxb3 14.
Qxb3 Bc8 15. Rac1 b6 16. Rfd1 Ba6 17. Rc2 Bxe2 18. Rxe2 Rc8 19. d5 Qd7 20.
Rc1 Rxc1+ 21. Bxc1 Rc8 22. Rc2 Bd4+ 23. Kh1 Kg7 24. a4 Rxc2 25. Qxc2 e6 26.
Qc6 Qxc6 27. dxc6 Be5 28. Ba3 f5 29. Be7 Kf7 30. Bd8 Ke8 31. c7 Kd7 32. exf5
exf5 33. g4 Bxc7 34. Bf6 fxg4 35. fxg4 Kc6 36. h4 Kc5 37. h5 Kb4 38. hxg6
hxg6 39. Kg2 Kxa4 40. Kf3 Kb5 41. Ke2 Kc5 42. Kd3 Kd5 43. Bd4 Bd6 44. Bc3 a5
45. Kc2 Ke4 46. Kb3 Kf4 47. Ka4 Kxg4 48. Kb5 Bc5 49. Bf6 g5 50. Bd8 Kf4 51.
Bxg5+ Kxg5 52. Ka4 Kf5 53. Kb5 Ke5 54. Kc4 a4 55. Kb5 a3 {White resigns} 0-1

[Event "ICC tourney 2047 (75 10)"]
[Site "Internet Chess Club"]
[Date "2020.10.11"]
[Round "7"]
[White "madrigal"]
[Black "kirikiri007"]
[Result "0-1"]
[ICCResult "White resigns"]
[WhiteElo "1573"]
[BlackElo "1594"]
[Opening "English: symmetrical variation"]
[ECO "A30"]
[NIC "EO.64"]
[Time "18:32:16"]
[TimeControl "4500+10"]

1. c4 c5 2. Nf3 Nf6 3. e3 Nc6 4. d4 cxd4 5. exd4 e6 6. Nc3 d5 7. a3 Be7 8.
Be2 O-O 9. O-O b6 10. b4 dxc4 11. Bxc4 Bb7 12. d5 exd5 13. Nxd5 Nxd5 14.
Bxd5 Bf6 15. Rb1 Qd7 16. Bg5 Bxg5 17. Nxg5 Rad8 18. Bf3 h6 19. Ne4 Ne5 20.
Qxd7 Nxf3+ 21. gxf3 Rxd7 22. Kg2 f5 23. Ng3 Rd3 24. Ra1 Bxf3+ 25. Kg1 f4 26.
Nh1 Rf6 27. Ng3 fxg3 28. fxg3 Rd2 29. Rf2 Rd1+ 30. Rxd1 Bxd1 31. Rd2 Ba4 32.
Rd8+ Kh7 33. Ra8 Rf7 34. Rd8 Bb5 35. Rd5 Ba4 36. Rd8 g5 37. Kg2 g4 38. h4
Bc6+ 39. Kg1 Rf3 {White resigns} 0-1

[Event "ICC tourney 2047 (75 10)"]
[Site "Internet Chess Club"]
[Date "2020.10.11"]
[Round "7"]
[White "awakeflood"]
[Black "MacAndSneeze"]
[Result "1-0"]
[ICCResult "Black checkmated"]
[WhiteElo "1782"]
[BlackElo "1509"]
[Opening "Sicilian: Najdorf"]
[ECO "B90"]
[NIC "SI.14"]
[Time "18:32:10"]
[TimeControl "4500+10"]

1. e4 c5 2. Nf3 d6 3. d4 cxd4 4. Nxd4 Nf6 5. Nc3 a6 6. f3 e5 7. Nb3 Be7 8.
Be3 Be6 9. Qd2 Nbd7 10. O-O-O b5 11. Nd5 Nxd5 12. exd5 Bf5 13. g4 Bg6 14.
Bd3 O-O 15. h4 Nb6 16. Na5 Nxd5 17. Nc6 Qc7 18. Bxg6 Nxe3 19. Nxe7+ Qxe7 20.
Bxh7+ Kxh7 21. Qxe3 Rfc8 22. Qd3+ Kg8 23. Qxd6 Kf8 24. Qd3 Qe6 25. Kb1 Rd8
26. Qh7 Qc6 27. Qh8+ Ke7 28. Qxg7 Qxf3 29. Qxe5+ Kf8 30. Qh8+ Ke7 31. Rhe1+
Qe4 32. Rxe4# {Black checkmated} 1-0

[Event "ICC tourney 2047 (75 10)"]
[Site "Internet Chess Club"]
[Date "2020.10.11"]
[Round "7"]
[White "betterone76"]
[Black "davidtxie"]
[Result "1/2-1/2"]
[ICCResult "Game drawn by mutual agreement"]
[WhiteElo "1844"]
[BlackElo "1644"]
[Opening "French: Tarrasch, closed variation"]
[ECO "C05"]
[NIC "FR.17"]
[Time "18:32:14"]
[TimeControl "4500+10"]

1. e4 e6 2. d4 d5 3. Nd2 Nf6 4. e5 Nfd7 5. Bd3 c5 6. c3 Nc6 7. Ne2 Be7 8.
Nf3 cxd4 9. cxd4 f6 10. Nf4 Nb6 11. exf6 Bxf6 12. h4 Bd7 13. Be3 Qe7 14. a3
O-O-O 15. Rc1 Kb8 16. b4 g6 17. Qd2 Qg7 18. Ng5 Rhe8 19. Ne2 Rc8 20. Bb5 a6
21. Bxc6 Rxc6 22. Rxc6 Bxc6 23. Bf4+ Ka8 24. Nf3 Nc4 25. Qc3 Bb5 26. Ne5 Rc8
27. O-O Nb6 28. Qd2 Bxh4 29. Rc1 Rxc1+ 30. Nxc1 Nc4 31. Nxc4 Bxc4 32. Qe3
Qf7 33. g3 Bf6 34. Nd3 Bxd3 35. Qxd3 Qd7 36. Qc3 Qc6 37. Qd2 Qc4 38. Qe3
{Game drawn by mutual agreement}
1/2-1/2

[Event "ICC tourney 2047 (75 10)"]
[Site "Internet Chess Club"]
[Date "2020.10.11"]
[Round "7"]
[White "nikhilthota"]
[Black "natez"]
[Result "1-0"]
[ICCResult "Black resigns"]
[WhiteElo "1780"]
[BlackElo "1829"]
[Opening "QGD: Cambridge Springs defense, Capablanca variation"]
[ECO "D52"]
[NIC "QO.15"]
[Time "18:32:33"]
[TimeControl "4500+10"]

1. Nf3 d5 2. c4 e6 3. d4 Nf6 4. Nc3 c6 5. Bg5 Nbd7 6. e3 Qa5 7. Bxf6 Nxf6 8.
a3 Bd6 9. c5 Bb8 10. b4 Qd8 11. Be2 O-O 12. O-O Ne4 13. Nxe4 dxe4 14. Nd2 f5
15. Nc4 Qg5 16. Qa4 Bc7 17. f4 Qh4 18. Ne5 Rf6 19. g3 Qh3 20. Nxc6 Rh6 21.
Rf2 a6 22. Ne7+ Kf8 23. Nxc8 Rxc8 24. Qd7 Re8 25. Qxc7 Rg6 26. Rg2 h5 27.
Qd6+ Kf7 28. d5 exd5 29. Qxd5+ Ree6 30. Qd7+ Re7 31. Bc4+ Kf8 32. Qd8+ Re8
33. Qd5 Ree6 34. Rd1 Kg8 35. Qd8+ Kh7 36. Bxe6 Rxe6 37. Qh4 Qxh4 38. gxh4 a5
39. Rd7 axb4 40. axb4 Ra6 41. Rdxg7+ Kh8 42. Rg8+ Kh7 43. R2g7+ Kh6 44. Rg6+
Rxg6+ 45. Rxg6+ Kxg6 46. b5 Kf6 47. b6 Ke6 48. c6 Kd6 49. cxb7 Kc6 50. b8=Q
Kb5 51. Qc7 Kb4 52. b7 Kb3 53. b8=Q+ {Black resigns} 1-0

[Event "ICC tourney 2047 (75 10)"]
[Site "Internet Chess Club"]
[Date "2020.10.11"]
[Round "7"]
[White "TacticalVM"]
[Black "Alexbander"]
[Result "0-1"]
[ICCResult "White resigns"]
[WhiteElo "1672"]
[BlackElo "1736"]
[Opening "Ruy Lopez: closed, Chigorin defense"]
[ECO "C97"]
[NIC "RL.23"]
[Time "18:32:09"]
[TimeControl "4500+10"]

1. e4 e5 2. Nf3 Nc6 3. Bb5 a6 4. Ba4 Nf6 5. O-O b5 6. Bb3 Be7 7. Re1 O-O 8.
c3 d6 9. h3 Na5 10. Bc2 c5 11. d4 Qc7 12. d5 Nc4 13. b3 Nb6 14. Bg5 Ne8 15.
Bxe7 Qxe7 16. Nbd2 f5 17. Nf1 fxe4 18. Bxe4 Nf6 19. Ng3 Nxe4 20. Nxe4 Bb7
21. c4 bxc4 22. bxc4 Nxc4 23. Qd3 Nb6 24. Rab1 Nxd5 25. Nxd6 Qxd6 26. Rxb7
Qc6 27. Reb1 Rae8 28. Ng5 e4 29. Nxe4 c4 30. Qg3 Qg6 31. Qxg6 hxg6 32. Nd6
Re2 33. Rb8 c3 34. Rxf8+ Kxf8 35. Rb8+ Ke7 36. Re8+ Kxd6 37. Rxe2 Nb4 38.
Re8 c2 39. Rc8 Nc6 40. Rg8 c1=Q+ 41. Kh2 Qf4+ 42. Kg1 Qf7 43. Ra8 Qxa2 44.
Rc8 a5 {White resigns} 0-1

[Event "ICC tourney 2047 (75 10)"]
[Site "Internet Chess Club"]
[Date "2020.10.11"]
[Round "7"]
[White "GalaxyToast"]
[Black "chessmaster0981"]
[Result "1-0"]
[ICCResult "Black resigns"]
[WhiteElo "1484"]
[BlackElo "1630"]
[Opening "Queen's pawn game, Darooha variation "]
[ECO "D02"]
[NIC "QP.06"]
[Time "18:32:19"]
[TimeControl "4500+10"]

1. d4 Nf6 2. Nf3 d5 3. g3 c5 4. e3 Bg4 5. Bg2 Nc6 6. b3 e6 7. Bb2 Qa5+ 8. c3
cxd4 9. exd4 b5 10. O-O Bd6 11. Qc1 Rc8 12. Qe3 O-O 13. Nbd2 Ne7 14. b4 Qb6
15. Nb3 Rfe8 16. h3 Bf5 17. Ne5 Bxe5 18. Qxe5 Ne4 19. g4 Bg6 20. Nc5 Nc6 21.
Qf4 e5 22. Qc1 exd4 23. cxd4 Nxb4 24. Bxe4 dxe4 25. Qc3 Nd3 26. Rad1 b4 27.
Qb3 Nxc5 28. dxc5 Rxc5 29. Bd4 h6 30. Rc1 Rec8 31. Rxc5 Rxc5 32. Qe3
{Black resigns}
1-0

[Event "ICC tourney 2047 (75 10)"]
[Site "Internet Chess Club"]
[Date "2020.10.11"]
[Round "7"]
[White "VincentT2008"]
[Black "gardemarin13"]
[Result "0-1"]
[ICCResult "White resigns"]
[WhiteElo "1791"]
[BlackElo "1899"]
[Opening "Nimzo-Indian: classical, Milner-Barry (Zurich) variation"]
[ECO "E33"]
[NIC "NI.24"]
[Time "18:32:39"]
[TimeControl "4500+10"]

1. d4 Nf6 2. c4 e6 3. Nc3 Bb4 4. Qc2 Nc6 5. Nf3 d6 6. a3 Bxc3+ 7. Qxc3 O-O
8. Bg5 h6 9. Bh4 g5 10. Bg3 Ne4 11. Qd3 f5 12. e3 Qf6 13. O-O-O e5 14. c5
Kg7 15. cxd6 cxd6 16. Ne1 exd4 17. exd4 Nxg3 18. hxg3 f4 19. Nc2 Bf5 20. Qd2
Rac8 21. Bc4 Na5 22. b3 Rxc4 {White resigns} 0-1

[Event "ICC tourney 2047 (75 10)"]
[Site "Internet Chess Club"]
[Date "2020.10.11"]
[Round "7"]
[White "Mapking1"]
[Black "irisl"]
[Result "1-0"]
[ICCResult "Black checkmated"]
[WhiteElo "1624"]
[BlackElo "1367"]
[Opening "Ruy Lopez: Berlin defense, open variation"]
[ECO "C67"]
[NIC "RL.07"]
[Time "18:32:31"]
[TimeControl "4500+10"]

1. e4 e5 2. Nf3 Nc6 3. Bb5 Nf6 4. O-O Nxe4 5. Re1 Nd6 6. Nxe5 Nxe5 7. Rxe5+
Be7 8. Bf1 O-O 9. Re1 Ne8 10. d4 d5 11. g3 Nd6 12. Bg2 c6 13. Nd2 Bf5 14. c3
Qd7 15. Nf3 Bh3 16. Bxh3 Qxh3 17. Rxe7 Rfe8 18. Rxe8+ Rxe8 19. Bf4 Ne4 20.
Ng5 Nxg5 21. Bxg5 h6 22. Be3 Qe6 23. Qb3 b6 24. Re1 Qd7 25. Bd2 Rxe1+ 26.
Bxe1 Qe6 27. Qd1 b5 28. Bd2 g5 29. Qe1 Qxe1+ 30. Bxe1 Kg7 31. Kg2 f5 32. f4
g4 33. h3 h5 34. Kf2 a6 35. hxg4 hxg4 36. Ke3 Kf6 37. b3 Ke6 38. Kd3 Kd6 39.
c4 Ke6 40. Ba5 Kd7 41. Kc3 Ke6 42. Kb4 Kd6 43. Bd8 Kd7 44. cxd5 cxd5 45. Kc5
Kxd8 46. Kxd5 Kd7 47. b4 Ke7 48. Kc6 Ke6 49. d5+ Ke7 50. Kc7 Ke8 51. d6 Kf7
52. d7 Ke7 53. d8=R Kf7 54. Ra8 Ke6 55. Rxa6+ Kd5 56. Rf6 Kc4 57. Rxf5 Kxb4
58. Rxb5+ Kxb5 59. f5 Kc5 60. f6 Kb4 61. f7 Ka3 62. f8=N Kxa2 63. Kd6 Kb3
64. Ke5 Kc4 65. Kf4 Kd5 66. Kxg4 Kd6 67. Nh7 Ke7 68. Kf5 Kf7 69. Ng5+ Kg7
70. Ne6+ Kf7 71. g4 Kg8 72. Kf6 Kh7 73. g5 Kg8 74. g6 Kh8 75. g7+ Kg8 76.
Nc5 Kh7 77. Kf7 Kh6 78. g8=R Kh7 79. Nd3 Kh6 80. Rg1 Kh5 81. Kf6 Kh4 82. Kf5
Kh3 83. Kf4 Kh2 84. Rg8 Kh3 85. Ne5 Kh2 86. Kf3 Kh1 87. Kf2 Kh2 88. Rh8#
{Black checkmated}
1-0

[Event "ICC tourney 2047 (75 10)"]
[Site "Internet Chess Club"]
[Date "2020.10.11"]
[Round "7"]
[White "mancogu"]
[Black "WallyCleaver"]
[Result "1-0"]
[ICCResult "Black resigns"]
[WhiteElo "1591"]
[BlackElo "1580"]
[Opening "Alekhine's defense: Scandinavian variation"]
[ECO "B02"]
[NIC "AL.10"]
[Time "18:32:12"]
[TimeControl "4500+10"]

1. e4 Nf6 2. Nc3 d5 3. e5 Nfd7 4. d4 e6 5. Nf3 c5 6. Bf4 Nc6 7. Bb5 a6 8.
Bxc6 bxc6 9. O-O c4 10. a3 Rb8 11. Rb1 Be7 12. h3 O-O 13. Bg3 c5 14. Ne2
cxd4 15. Nfxd4 Bb7 16. f4 Nc5 17. Bh2 Rc8 18. Nc3 Qd7 19. f5 exf5 20. Nxf5
Rfd8 21. Qg4 g6 22. Nh6+ Kg7 23. Rxf7+ Kh8 24. e6 Nxe6 25. Be5+ {Black
resigns} 1-0

[Event "ICC tourney 2047 (75 10)"]
[Site "Internet Chess Club"]
[Date "2020.10.11"]
[Round "7"]
[White "Theutltl"]
[Black "shubham14"]
[Result "1/2-1/2"]
[ICCResult "Game drawn by mutual agreement"]
[WhiteElo "1287"]
[BlackElo "1490"]
[Opening "Sicilian: Najdorf, Opocensky variation"]
[ECO "B92"]
[NIC "SI.10"]
[Time "18:32:26"]
[TimeControl "4500+10"]

1. e4 c5 2. Nf3 d6 3. d4 cxd4 4. Nxd4 Nf6 5. Nc3 a6 6. Be2 g6 7. O-O Bg7 8.
Be3 O-O 9. f3 b5 10. a3 Bb7 11. Qd2 Nbd7 12. Bh6 Bxh6 13. Qxh6 Qb6 14. Qd2
e5 15. Rad1 exd4 16. Qxd4 Qxd4+ 17. Rxd4 Ne8 18. f4 Nc5 19. f5 Rd8 20. e5 d5
21. fxg6 fxg6 22. Bf3 Nc7 23. Rc1 N5e6 24. Rd2 Ng5 25. Bxd5+ Nxd5 26. Rcd1
Nxc3 27. Rxd8 Nxd1 28. Rxd1 Re8 29. Rd7 Be4 30. Ra7 Bxc2 31. Rxa6 Rxe5 32.
Ra5 Ba4 33. Ra8+ Kg7 34. Rb8 Re2 35. b3 Ne4 36. g3 Bxb3 37. Rxb5 Rd2 38.
Rxb3 Rd4 39. Rf3 Ra4 40. Rf4 Nc3 41. Rxa4 Nxa4 42. Kf2 Kf6 43. Ke3 Ke5 44.
Kd3 h5 45. Kc4 Ke4 46. Kb4 Nb6 47. Kb5 Nd7 48. a4 Kd5 49. a5 Nc5 50. h3 g5
51. Kb6 g4 52. hxg4 hxg4 53. Kb5 Kd6 54. Kb6 Nd7+ 55. Kb7
{Game drawn by mutual agreement}
1/2-1/2

[Event "ICC tourney 2047 (75 10)"]
[Site "Internet Chess Club"]
[Date "2020.10.11"]
[Round "7"]
[White "Han366"]
[Black "TheOrcaPro"]
[Result "1-0"]
[ICCResult "Black resigns"]
[WhiteElo "1717"]
[BlackElo "1719"]
[Opening "King's Indian: Sämisch, 5...O-O"]
[ECO "E81"]
[NIC "KI.54"]
[Time "18:32:25"]
[TimeControl "4500+10"]

1. d4 Nf6 2. c4 g6 3. Nc3 Bg7 4. e4 d6 5. f3 O-O 6. Be3 c6 7. Bd3 Nbd7 8.
Nge2 e5 9. d5 cxd5 10. cxd5 a6 11. Qd2 Qc7 12. O-O Nc5 13. Bc2 Bd7 14. b4
Ne6 15. dxe6 Bxe6 16. Nd5 Nxd5 17. exd5 Bxd5 18. Bxg6 Bc4 19. Bd3 e4 20.
fxe4 Bxa1 21. Rxa1 Bxd3 22. Qxd3 f6 23. Nf4 Qf7 24. Bd4 Rae8 25. Rf1 f5 26.
Qg3+ {Black resigns} 1-0

[Event "ICC tourney 2047 (75 10)"]
[Site "Internet Chess Club"]
[Date "2020.10.11"]
[Round "7"]
[White "StevChess01"]
[Black "AkshatSuresh"]
[Result "1/2-1/2"]
[ICCResult "Game drawn by mutual agreement"]
[WhiteElo "1724"]
[BlackElo "1584"]
[Opening "Nimzo-Indian: Kmoch variation"]
[ECO "E20"]
[NIC "NI.30"]
[Time "18:32:27"]
[TimeControl "4500+10"]

1. d4 Nf6 2. c4 e6 3. Nc3 Bb4 4. f3 d5 5. a3 Bxc3+ 6. bxc3 O-O 7. e3 b6 8.
cxd5 exd5 9. Bd3 Nbd7 10. Ne2 c5 11. O-O Re8 12. Ng3 Bb7 13. Ra2 Qc7 14. Re2
h5 15. Rfe1 Rac8 16. Nf5 g6 17. Nh4 Kg7 18. e4 dxe4 19. fxe4 cxd4 20. cxd4
Bxe4 21. Bxe4 Nxe4 22. Bb2 Nef6 23. Rxe8 Rxe8 24. Rxe8 Nxe8 25. Nf3 f6 26.
Qe2 Kf7 27. h3 Ng7 28. Qe4 Ne6 29. Kh1 Qd6 30. Bc1
{Game drawn by mutual agreement}
1/2-1/2

[Event "ICC tourney 2047 (75 10)"]
[Site "Internet Chess Club"]
[Date "2020.10.11"]
[Round "7"]
[White "BillietheKid"]
[Black "FlowingMelody"]
[Result "1/2-1/2"]
[ICCResult "Game drawn by mutual agreement"]
[WhiteElo "1463"]
[BlackElo "1332"]
[Opening "Ruy Lopez: Anderssen variation"]
[ECO "C77"]
[NIC "RL.12"]
[Time "18:32:18"]
[TimeControl "4500+10"]

1. e4 e5 2. Nf3 Nc6 3. Bb5 a6 4. Ba4 Nf6 5. d3 b5 6. Bb3 Be7 7. c3 d6 8. h3
O-O 9. O-O Nb8 10. Bg5 Nbd7 11. Nbd2 Bb7 12. Re1 c5 13. Qe2 Qc7 14. Rac1
Rfe8 15. d4 c4 16. Bc2 h6 17. Be3 exd4 18. cxd4 Bf8 19. Bf4 Qb6 20. Be3 Bxe4
21. Nxe4 Nxe4 22. Nh4 Nef6 23. Qf3 d5 24. Nf5 Ne4 25. Qg4 Qg6 26. Nxh6+ gxh6
27. Qxd7 Nf6 28. Qc6 Qg7 29. Bf4 Rec8 30. Qb6 Nd7 31. Qb7 Nf6 32. Be5 Qg5
33. Rcd1 Rd8 34. Re3 Nh5 35. Rf3 Qe7 36. Qb6 Qe6 37. Qa5 Bg7 38. Bh2 Qe2 39.
Qc3 b4 40. Qd2 Qxd2 41. Rxd2 Re8 42. Kf1 Rac8 43. Rf5 Nf6 44. Be5 Ne4 45.
Bxe4 dxe4 46. Re2 Bxe5 47. dxe5 c3 48. bxc3 bxc3 49. Rc2 Red8 50. Ke2 Rd3
51. Rf4 Rcd8 52. Rxe4 Rd2+ 53. Rxd2 Rxd2+ 54. Ke1 Rxa2 55. Rc4 c2 56. g4
Ra1+ 57. Kd2 Rh1 58. Kxc2 Rxh3 59. f4 Rh4 60. f5 h5 61. e6 fxe6 62. fxe6
Rxg4 63. Rc8+ Kg7 64. Kd3 Kf6 65. Rc6 a5 66. Rc5 Kxe6 67. Rxh5 a4 68. Kc2
Rb4 69. Ra5 Kd6 70. Kc3 Rb3+ 71. Kc2 Rb4 72. Kc3 Rb3+
{Game drawn by mutual agreement}
1/2-1/2

[Event "ICC tourney 2047 (75 10)"]
[Site "Internet Chess Club"]
[Date "2020.10.11"]
[Round "7"]
[White "chesslin"]
[Black "coolhappyfish"]
[Result "0-1"]
[ICCResult "White resigns"]
[WhiteElo "1851"]
[BlackElo "1646"]
[Opening "Queen's pawn, Mason variation"]
[ECO "D00"]
[NIC "QP.08"]
[Time "18:33:03"]
[TimeControl "4500+10"]

1. d4 d5 2. Bf4 Nf6 3. e3 Bf5 4. c4 c6 5. Nc3 e6 6. Qb3 Qb6 7. c5 Qxb3 8.
axb3 Nbd7 9. b4 Be7 10. Nf3 Nh5 11. Bd6 Bxd6 12. cxd6 O-O 13. Ne5 Nhf6 14.
Be2 Rfd8 15. f3 Nxe5 16. dxe5 Nd7 17. f4 f6 18. e4 Bxe4 19. Nxe4 dxe4 20.
Bc4 Re8 21. Ke2 f5 22. Rhc1 Nb6 23. Ke3 Kf7 24. Kd4 a6 25. Bb3 h6 26. g4 g6
27. Rg1 Rec8 28. gxf5 gxf5 29. Rg3 Rg8 30. Rag1 Rxg3 31. Rxg3 Rc8 32. h4 Nd7
33. Bxe6+ Kxe6 34. Rg7 Re8 35. Rh7 b6 36. Rxh6+ Kf7 37. Rf6+ Nxf6 38. exf6
Kxf6 {White resigns} 0-1

[Event "ICC tourney 2047 (75 10)"]
[Site "Internet Chess Club"]
[Date "2020.10.11"]
[Round "7"]
[White "wahoo"]
[Black "avats"]
[Result "0-1"]
[ICCResult "White checkmated"]
[WhiteElo "1742"]
[BlackElo "1625"]
[Opening "French: Rubinstein variation"]
[ECO "C10"]
[NIC "FR.07"]
[Time "18:32:35"]
[TimeControl "4500+10"]

1. e4 e6 2. d4 d5 3. Nc3 dxe4 4. Nxe4 Nd7 5. Nf3 Ngf6 6. Bg5 Be7 7. Nxf6+
Nxf6 8. Bb5+ Bd7 9. Bxd7+ Qxd7 10. O-O O-O 11. c3 c6 12. Re1 Rfe8 13. Ne5
Qc7 14. Qf3 h6 15. Bf4 Bd6 16. Rad1 Nd7 17. Nxd7 Qxd7 18. Qg3 Bxf4 19. Qxf4
Rad8 20. Re3 Qd6 21. Qg4 Rd7 22. Rg3 Qf8 23. Qh5 Kh8 24. Rdd3 f6 25. Rg6 e5
26. Re3 Rde7 27. dxe5 Rxe5 28. Qf3 Qf7 29. Rg3 Qxa2 30. h3 Rxe3 31. fxe3
Qb1+ 32. Kh2 Qe4 33. Qh5 Qe5 34. Qf7 Re7 35. Qf8+ Kh7 36. Qc8 Qc7 37. Qf5+
Kh8 38. Qc5 a6 39. Qd4 c5 40. Qd3 b5 41. e4 Rd7 42. Qf3 c4 43. Qh5 Qb8 44.
Qg4 Re7 45. Qg6 Qe8 46. Qg4 h5 47. Qf4 Re6 48. Qc7 Re7 49. Qb6 Rxe4 50. Qb7
Re7 51. Qb6 Re6 52. Qb7 Qe7 53. Qa8+ Kh7 54. Qf3 g6 55. Qf4 Qd6 56. Qxd6
Rxd6 57. Rf3 Kg7 58. Re3 Kf7 59. Re2 a5 60. Kg3 b4 61. cxb4 axb4 62. Rc2 Rc6
63. Kf2 c3 64. bxc3 bxc3 65. Ke2 Ke6 66. Kd3 Ke5 67. Ke3 f5 68. g3 g5 69. h4
gxh4 70. gxh4 f4+ 71. Kf3 Kf5 72. Kf2 Kg4 73. Kg2 f3+ 74. Kf2 Kf4 75. Kf1
Kg3 76. Ke1 Kxh4 77. Kf2 Kg4 78. Kf1 h4 79. Kg1 h3 80. Kh1 f2 81. Rc1 c2 82.
Kh2 Kf3 83. Kh1 Ke2 84. Kh2 f1=Q 85. Rxc2+ Rxc2 86. Kg3 Rc4 87. Kh2 Qg2#
{White checkmated}
0-1